 Dungeon Crawl Stone Soup version 0.28.0 (webtiles) character file.

Game seed: 2843135480538246312

1101 pkoi the Zephyrmancer (level 8, 0/57 HPs)
             Began as a Grey Draconian Air Elementalist on Feb 10, 2022.
             Was an Initiate of Sif Muna.
             Killed from afar by an orc wizard (8 damage)
             ... with a puff of flame
             ... on level 5 of the Dungeon.
             The game lasted 00:10:26 (7389 turns).

pkoi the Zephyrmancer (DrAE)                        Turns: 7389, Time: 00:10:28

Health: 0/57       AC: 18    Str: 11    XL:     8   Next: 10%
Magic:  4/12       EV: 12    Int: 17    God:    Sif Muna [......]
Gold:   251        SH:  0    Dex: 12    Spells: 5/13 levels left

rFire   . . .      SeeInvis .   n - +4 trident
rCold   . . .      Faith    .   (no shield)
rNeg    . . .      Spirit   .   (armour unavailable)
rPois   .          Reflect  .   i - +1 hat
rElec   .          Harm     .   (no cloak)
rCorr   .          Rampage  .   (no gloves)
Will    .....                   d - +1 pair of boots
Stlth   +.........              g - amulet of regeneration
HPRegen 0.99/turn               l - +4 ring of protection
MPRegen 0.13/turn               (no ring)

@: confused, mighty, lethally poisoned (0 -> -2)
A: AC +11, amphibious, unfitting armour, cold-blooded
a: Renounce Religion


You were on level 5 of the Dungeon.
You worshipped Sif Muna.
Sif Muna was noncommittal.
You visited 1 branch of the dungeon, and saw 6 of its levels.

You collected 251 gold pieces.

Inventory:

Hand Weapons
 b - a +0 whip
 e - a +0 dagger of venom
 h - a +0 short sword of venom
 m - a +3 dagger
 n - a +4 trident (weapon)
Missiles
 a - 6 curare-tipped darts
Armour
 d - a +1 pair of boots (worn)
 i - a +1 hat (worn)
Magical Staves
 r - a staff of air
Jewellery
 g - an amulet of regeneration (around neck)
 j - a ring of fire
 l - a +4 ring of protection (left hand)
Wands
 f - a wand of polymorph (11)
 p - a wand of flame (21)
 q - a wand of digging (5)
Scrolls
 c - 2 scrolls of identify
 s - a scroll of torment {unknown}
 t - a scroll of teleportation
Potions
 o - a potion of mutation {unknown}
 u - a potion of curing {unknown}


   Skills:
 - Level 1.7 Dodging
 - Level 1.7 Stealth
 - Level 3.0 Spellcasting
 - Level 1.0 Conjurations
 + Level 8.1 Air Magic


You had 5 spell levels left.
You knew the following spells:

 Your Spells              Type           Power      Damage    Failure   Level
a - Shock                 Conj/Air       72%        1d7       2%          1
b - Airstrike             Air            15%        N/A       6%          4
c - Swiftness             Air            30%        N/A       1%          3

Your spell library contained the following spells:

 Spells                   Type           Power      Damage    Failure   Level
 Static Discharge         Conj/Air       18%        N/A       4%          2
 Beastly Appendage        Tmut           4%         N/A       17%         1
 Call Imp                 Summ           2%         N/A       26%         2
 Wereblood                Tmut           2%         N/A       26%         2
 Spider Form              Tmut/Pois      2%         N/A       45%         3
 Cause Fear               Hex            1%         N/A       86%         4
 Dragon Form              Tmut           1%         N/A       100%        7
 Dragon's Call            Summ           1%         N/A       100%        9


Dungeon Overview and Level Annotations

Branches:
Dungeon (6/15)
 Temple: D:4-7

Altars:
Sif Muna

Annotations:
D:3 1 runed translucent door, Crazy Yiuf
D:4 Edmund


Innate Abilities, Weirdness & Mutations

Your dull iron-grey scales are very hard. (AC +11)
You are amphibious.
You cannot fit into any form of body armour.
You are cold-blooded and may be slowed by cold attacks.


Message History

You feel sick.
Aiming: Shock (safe; 2% risk of failure)
Press: ? - help, Q - select action, (/) - cycle Shift-Dir - straight line, f - you You feel a surge of power!
You feel sick.
Unknown command.
n - a +4 trident (weapon)
You feel sick.
You hear some strange, mumbled words.
A magic dart appears from out of thin air!
The magic dart hits you.
* * * LOW HITPOINT WARNING * * *
You hit something but do no damage.
Your tail-slap misses something.
You feel sick.
You hear some strange, mumbled words.
A puff of flame appears from out of thin air!
The puff of flame hits you but does no damage.
You barely miss something. You tail-slap something.
You feel sick. Something hits you but does no damage.
You are more poisoned.
You miss something.
Your tail-slap misses something.
You feel very sick. Something hits you but does no damage. Something hits you.
* * * LOW HITPOINT WARNING * * *
You are more poisoned.
You barely miss something. You tail-slap something.
You feel very sick.
You hear some strange, mumbled words.
You are confused.
You're too confused to move!
You feel very sick. Something hits you but does no damage.
Unknown command.
It was a potion of might.
You feel very mighty all of a sudden.
You feel sick.
You hear some strange, mumbled words.
A puff of flame appears from out of thin air!
The puff of flame hits you!
You die...

#........#>###########
#.########...........#
####'#####....#########.#
#........#.....).#....#.#
#........#######.#.##.#.#
#........# #.#.#<.#.#
#........# #.#.#..#.#
#........# #{#.#..#.#
#........# #@#.#..#.#
#........# #.#.####.#
#........# #.#).....#
#........##### #.#.######
####.........# #.#.....#
#########.# #.#.#.#.# #.#
#.#.###.# #.###.#.....#
#.....#######


There were no monsters in sight!

Vanquished Creatures
  A black bear (D:5)
  Pargi (D:3)
  A necrophage (D:2)
  An ogre (D:5)
  A bullfrog (D:6)
  A scorpion (D:6)
  2 howler monkeys (D:6)
  2 centaur zombies
  2 hounds (D:5)
  A jelly (D:6)
  Ijyb (D:4)
  2 iguanas (D:5)
  7 orc wizards
  Robin (D:2)
  3 adders
  2 adder skeletons
  3 worms
  2 dart slugs (D:2)
  12 orcs
  5 bats
  9 endoplasms
  A giant cockroach (D:4)
  4 hobgoblins
  7 kobolds
  4 quokkas
  4 ball pythons
  16 goblins
  3 rats
99 creatures vanquished.

Vanquished Creatures (others)
  A bat (D:2)
  A plant (D:4)
2 creatures vanquished.

Grand Total: 101 creatures vanquished

Notes
Turn   | Place    | Note
-------+----------+-------------------------------------------
     0 | D:1      | pkoi the Draconian Air Elementalist began the quest for the
                  | Orb.
     0 | D:1      | Reached XP level 1. HP: 14/14 MP: 3/3
   692 | D:2      | Reached XP level 2. HP: 20/20 MP: 0/5
  1340 | D:2      | Reached skill level 4 in Air Magic
  1978 | D:2      | Reached XP level 3. HP: 26/26 MP: 1/6
  2095 | D:2      | HP: 1/26 [orc priest/divine providence (14)]
  2885 | D:3      | Noticed Robin
  2961 | D:2      | Killed Robin
  3152 | D:3      | Reached XP level 4. HP: 33/33 MP: 2/7
  3484 | D:3      | Noticed a necrophage
  3561 | D:2      | Killed a necrophage
  3562 | D:2      | Reached skill level 5 in Air Magic
  3562 | D:2      | Reached XP level 5. HP: 35/38 MP: 2/9
  3681 | D:3      | Found a runed translucent door.
  3682 | D:3      | Noticed Crazy Yiuf
  4014 | D:3      | Noticed Pargi
  4056 | D:2      | Learned a level 4 spell: Airstrike
  4183 | D:3      | Found a faded altar of an unknown god.
  4336 | D:3      | Killed Pargi
  4337 | D:3      | Reached skill level 6 in Air Magic
  4337 | D:3      | Reached XP level 6. HP: 43/45 MP: 1/10
  4849 | D:4      | Found a shimmering blue altar of Sif Muna.
  4856 | D:4      | Got Sif Muna's Compendium of the Escort
  4858 | D:4      | Became a worshipper of Sif Muna the Loreminder
  4866 | D:4      | Noticed an orc warrior
  4878 | D:4      | Learned a level 3 spell: Swiftness
  5020 | D:4      | Noticed Ijyb
  5037 | D:4      | Killed Ijyb
  5206 | D:4      | Noticed Edmund
  5240 | D:5      | Entered Level 5 of the Dungeon
  5289 | D:5      | Reached skill level 7 in Air Magic
  5654 | D:5      | Your scales start taking on a dull iron-grey colour.
  5654 | D:5      | Reduced skill Air Magic to level 6
  5654 | D:5      | Reached XP level 7. HP: 50/50 MP: 2/11
  6188 | D:5      | Reached skill level 7 in Air Magic
  6946 | D:6      | Reached XP level 8. HP: 57/57 MP: 6/12
  7010 | D:6      | Reached skill level 8 in Air Magic
  7389 | D:5      | Killed from afar by an orc wizard

Illustrated notes

Levels and vault maps discovered:
D:1:      pf_arrival_petrified_forest, layout_rooms
D:2:      layout_basic
D:3:      layout_basic, shapermc_ecumenical_altar_mp_highgroup, uniq_pargi,
          uniq_robin, uniq_crazy_yiuf_cottage
D:4:      layout_loops_ring, nzn_overflow_gifts_of_might_and_magic,
          serial_bayou_lake_a, uniq_eustachio, uniq_edmund, uniq_ijyb
D:5:      layout_basic
D:6:      layout_basic, grunt_ministairs_6, skrybe_limestone_x,
          lemuel_flamethrower_2

Skill      XL: |  1  2  3  4  5  6  7  8 |
---------------+-------------------------+-----
Air Magic      | 4 5 6 6 7 8 |  8.1
Spellcasting   | 3 |  3.0
Dodging        | |  1.7
Stealth        | |  1.7
Conjurations   | |  1.0

Action                   |  1- 3 |  4- 6 |  7- 9 || total
-------------------------+-------+-------+-------++-------
Melee: Whip              |    34 |       |       ||    34
       Tailslap          |    11 |     7 |     2 ||    20
       Dagger            |       |    31 |       ||    31
       Trident           |       |    13 |     4 ||    17
       Staff             |       |       |     1 ||     1
 Cast: Shock             |    94 |   116 |    96 ||   306
  Use: Scroll            |     4 |     3 |       ||     7
       Potion            |     3 |       |     1 ||     4
 Stab: Sleeping          |     1 |       |       ||     1
Armor: Skin              |     9 |    27 |    47 ||    83
Dodge: Dodged            |    27 |    42 |    40 ||   109
